 Dungeon Crawl Stone Soup version 0.20.0-15-g7f486f2 (webtiles) character file.

17441 vishdafish the Basher (level 12, -3/77 HPs)
             Began as a Gargoyle Fighter on June 18, 2017.
             Killed by Lee's Rapid Deconstruction
             ... invoked by a deep troll earth mage
              (10 damage)
             ... on level 12 of the Dungeon.
             The game lasted 00:48:06 (11350 turns).

vishdafish the Basher (Gargoyle Fighter)           Turns: 11350, Time: 00:48:06

Health: -3/77      AC: 30    Str: 25    XL:     12   Next: 48%
Magic:  12/12      EV:  8    Int:  9    God:
Gold:   700        SH: 18    Dex: 11    Spells: 11/11 levels left

rFire    . . .     SeeInvis .   L - +6 flail
rCold    + . .     Gourm    .   c - +0 shield
rNeg     + . .     Faith    .   Q - +0 plate armour
rPois    ∞         Spirit   .   (no helmet)
rElec    +         Reflect  +   n - +1 cloak
rCorr    .         Harm     .   p - +0 pair of gloves
MR       +....                  (no boots)
Stlth    ..........             v - +5 amulet of reflection
Regen    0.3/turn               s - ring of protection from cold
MPRegen  0.2/turn               e - ring of protection from magic

@: no status effects
A: big wings, fangs 1, rugged brown scales 1, thin metallic scales 1, negative
energy resistance 1, electricity resistance, strong 1, unbreathing,
petrification resistance, rot immunity, AC +8
a: Fly


You were on level 12 of the Dungeon.
You were not hungry.

You visited 1 branch of the dungeon, and saw 12 of its levels.

You collected 700 gold pieces.

Inventory:

Hand Weapons
 y - a +2 whip of flaming
 L - a +6 flail (weapon)
Armour
 c - a +0 shield (worn)
 n - a +1 cloak (worn)
 p - a +0 pair of gloves (worn)
 Q - a +0 plate armour (worn)
Jewellery
 b - an uncursed ring of protection from magic
 e - a ring of protection from magic (right hand)
 o - an uncursed ring of poison resistance
 s - a ring of protection from cold (left hand)
 v - a +5 amulet of reflection (around neck)
Wands
 d - a wand of polymorph (9/24)
 q - a wand of iceblast (7/15)
 r - a wand of lightning (8/15)
 z - a wand of paralysis (10/24)
 A - a wand of flame (0/48)
 D - a wand of digging (11/24)
 P - a wand of random effects (21/48)
 R - a wand of polymorph (10/24)
 S - a wand of enslavement (17/24)
Scrolls
 i - 4 scrolls of remove curse
 j - a scroll of recharging
 l - 2 scrolls of magic mapping
 u - 4 scrolls of enchant weapon
 x - 2 scrolls of amnesia
 B - a scroll of fog
 O - a scroll of identify
Potions
 g - a potion of brilliance {unknown}
 E - 4 potions of agility {unknown}
 F - 2 potions of flight {unknown}
 H - a potion of berserk rage {unknown}
 I - 3 potions of curing
 K - a potion of haste {unknown}
Books
 a - Sif Muna's Compendium of Weightlessness
   (You found it on level 8 of the Dungeon)

   Spells                             Type                      Level
   a - Shock                          Conjuration/Air              1
 G - a book of Misfortune

   Spells                             Type                      Level
   a - Confusing Touch                Hexes                        1
   b - Confuse                        Hexes                        3
   c - Gell's Gravitas                Translocation                3
   d - Petrify                        Transmutation/Earth          4
   e - Metabolic Englaciation         Hexes/Ice                    5
   f - Yara's Violent Unravelling     Hexes/Transmutation          5
Miscellaneous
 N - a lightning rod (4/4)
Comestibles
 f - 6 royal jellies
 h - a meat ration
 m - 3 bread rations
 C - 9 fruits


   Skills:
 + Level 8.5 Fighting
 + Level 12.0 Maces & Flails
 * Level 9.9 Armour
 + Level 4.4 Dodging
 - Level 1.3 Stealth
 + Level 11.6 Shields
 + Level 1.2 Evocations


You had 11 spell levels left.
You didn't know any spells.

Dungeon Overview and Level Annotations

Branches:
Dungeon (12/15)            Temple (0/1) D:4            Lair (0/6) D:9
    Orc (0/2) D:10

Altars:
Dithmenos
Elyvilon
Nemelex Xobeh
Sif Muna
Vehumet
Yredelemnul

Annotations:
D:9 exclusion: ice statue


Innate Abilities, Weirdness & Mutations

You are resistant to torment.
Your stone body is resilient. (AC +8)
You are immune to poison.
You resist negative energy. (rN+)
You are resistant to electric shocks. (rElec)
You can survive without breathing.
You are immune to petrification.
You are immune to rotting.
Your large and strong wings let you fly indefinitely.
You have very sharp teeth.
You are partially covered in rugged brown scales. (AC +1, +3% HP)
You are partially covered in thin metallic scales. (AC +2)
Your muscles are strong. (Str +2)


Message History

The creatures around you are filled with an inner flame!
It was a scroll of immolation.
You block the deep troll earth mage's attack.
The deep troll earth mage completely misses you.
You block the deep troll earth mage's attack.
As you read the scroll labeled VODDOPHOPYJI, it crumbles to dust.
You assume a fearsome visage.
The frost giant looks frightened!
The deep troll earth mage looks frightened!
The flayed ghost is unaffected.
It was a scroll of fear.
The deep troll earth mage begs for mercy.
You swap places.
Things that are here:
a giant club; a giant spiked club; a two-headed ogre corpse
Okay, then.
Something hits your worker ant!
Your worker ant dies!
Your worker ant's corpse dissolves into shadows!
The deep troll earth mage gestures at you while chanting.
You shatter!
You die...

#§§W§.§.W.###..<..# #
#.###§###.##.......
#.#.#.###.§.#........
#.#.##)$$####........
#.#T.#).)#...........
###.##)$$##.##.......
#W#.###.#.###.....#
#.###.###)# ##...##
#.@......)# ##'##
########### #.# # #.#
#.# # #.# ##.### #.#
##...## #.#
####.....# #.#
#.........
#.####.####.###
#......# ### #


You could see a flayed ghost (inner flame) and a deep troll earth mage (inner
flame).

Vanquished Creatures
  2 centaur warriors
  2 death knights (D:12)
  2 two-headed ogres
  A skeletal warrior (D:12)
  Pikel (D:5)
  An ugly thing (D:12)
  A cyclops (D:11)
  A freezing wraith (D:12)
  2 komodo dragons
  3 trolls
  Grinder (D:5)
  2 hippogriffs (D:10)
  4 wraiths
  14 yaks
  8 vampire mosquitoes
  Menkaure (D:6)
  An acid dragon (D:11)
  2 water moccasins
  3 soldier ants
  Duvessa (D:6)
  The ghost of Typee the Sneak, an amateur SpEn (D:3)
  A black bear (D:9)
  2 orc warriors (D:10)
  3 phantoms
  3 ice beasts
  2 sky beasts (D:8)
  A slave (D:5)
  6 ogres
  2 eyes of draining
  5 centaurs
  3 crocodiles
  A big kobold (D:10)
  An elf skeleton (D:8)
  4 bullfrogs
  Dowan (D:6)
  2 scorpions
  4 killer bees (D:9)
  7 wights
  8 howler monkeys
  A crimson imp (D:9)
  2 bullfrog zombies
  5 hounds
  4 jellies
  A quasit (D:9)
  A bullfrog skeleton (D:8)
  8 orc priests
  2 centaur skeletons
  3 human zombies (D:8)
  12 orc wizards
  Crazy Yiuf (D:2)
  An iguana (D:5)
  2 human skeletons (D:8)
  5 worker ants
  A hound skeleton (D:9)
  3 mummies (D:8)
  A howler monkey zombie (D:8)
  2 worker ant zombies
  9 adders
  A howler monkey skeleton (D:11)
  2 shadow imps
  3 oozes
  An adder zombie (D:2)
  An adder skeleton (D:2)
  4 worms
  A dart slug (D:2)
  4 leopard geckos
  55 orcs
  A bat zombie (D:2)
  4 giant cockroaches
  7 hobgoblins
  4 jackals (D:6)
  13 kobolds
  2 quokkas
  A ball python (D:1)
  A ball python zombie (D:2)
  5 bats
  4 frilled lizards
  13 goblins
  A jackal zombie (D:5)
  2 quokka skeletons
  A quokka zombie (D:2)
  10 rats
  3 withered plants (D:2)
318 creatures vanquished.

Vanquished Creatures (others)
  A slave (D:5)
  A centaur (D:11)
  12 plants (D:9)
14 creatures vanquished.

Grand Total: 332 creatures vanquished

Notes
Turn   | Place    | Note
-------+----------+-------------------------------------------
     0 | D:1      | vishdafish the Gargoyle Fighter began the quest for the Orb.
     0 | D:1      | Reached XP level 1. HP: 14/14 MP: 1/1
    94 | D:1      | Reached XP level 2. HP: 10/19 MP: 2/2
   344 | D:1      | Reached XP level 3. HP: 18/23 MP: 3/3
   985 | D:2      | Found a runed door.
   989 | D:2      | Noticed Crazy Yiuf
  1001 | D:2      | Killed Crazy Yiuf
  1001 | D:2      | Reached skill level 3 in Maces & Flails
  1001 | D:2      | Reached XP level 4. HP: 6/28 MP: 4/4
  1870 | D:2      | Reached XP level 5. HP: 32/33 MP: 5/5
  1981 | D:2      | Found a sparkling altar of Nemelex Xobeh.
  2027 | D:3      | Noticed Typee's ghost (amateur SpEn)
  2793 | D:3      | Killed Typee's ghost
  2793 | D:3      | Reached skill level 4 in Maces & Flails
  2793 | D:3      | Reached skill level 1 in Dodging
  2793 | D:3      | Reached XP level 6. HP: 29/38 MP: 6/6
  2890 | D:3      | Found a shadowy altar of Dithmenos.
  2892 | D:3      | Found a white marble altar of Elyvilon.
  3066 | D:4      | Found a sparkling altar of Nemelex Xobeh.
  3133 | D:4      | Found a staircase to the Ecumenical Temple.
  3176 | D:5      | Entered Level 5 of the Dungeon
  3387 | D:5      | Found a radiant altar of Vehumet.
  3437 | D:5      | Reached XP level 7. HP: 26/43 MP: 7/7
  3463 | D:5      | Reached skill level 5 in Maces & Flails
  3873 | D:5      | Noticed Pikel
  3895 | D:5      | Killed Pikel
  3895 | D:5      | Reached skill level 6 in Maces & Flails
  3895 | D:5      | Reached skill level 5 in Armour
  3895 | D:5      | Reached skill level 5 in Shields
  3895 | D:5      | Reached XP level 8. HP: 41/48 MP: 8/8
  3956 | D:5      | Reached skill level 5 in Fighting
  4314 | D:5      | Reached skill level 7 in Maces & Flails
  4383 | D:5      | Noticed Grinder
  4402 | D:5      | Paralysed by Grinder for 4 turns
  4409 | D:5      | Killed Grinder
  4409 | D:5      | Reached XP level 9. HP: 18/55 MP: 9/9
  4919 | D:6      | Noticed Menkaure
  4929 | D:6      | Killed Menkaure
  4996 | D:6      | Reached skill level 8 in Maces & Flails
  5199 | D:6      | Noticed Duvessa
  5201 | D:6      | Noticed Dowan
  5232 | D:6      | Killed Duvessa
  5249 | D:6      | Killed Dowan
  5516 | D:8      | Gained mutation: You are weak. (Str -2) [potion of mutation]
  5516 | D:8      | Gained mutation: Your body sometimes deteriorates upon taking damage. [potion of mutation]
  5516 | D:8      | Gained mutation: Your flesh is heat resistant. (rF+) [potion of mutation]
  5516 | D:8      | Gained mutation: You have an increased reservoir of magic. (+10% MP) [potion of mutation]
  5517 | D:8      | Lost mutation: You are weak. (Str -2) [potion of mutation]
  5517 | D:8      | Lost mutation: Your flesh is heat resistant. (rF+) [potion of mutation]
  5517 | D:8      | Lost mutation: You have an increased reservoir of magic. (+10% MP) [potion of mutation]
  5517 | D:8      | Lost mutation: Your body sometimes deteriorates upon taking damage. [potion of mutation]
  5517 | D:8      | Gained mutation: You are clumsy. (Dex -2) [potion of mutation]
  5517 | D:8      | Gained mutation: You have very sharp teeth. [potion of mutation]
  5518 | D:8      | Lost mutation: You are clumsy. (Dex -2) [potion of mutation]
  5518 | D:8      | Lost mutation: You have very sharp teeth. [potion of mutation]
  5518 | D:8      | Gained mutation: Scrolls take you a little longer to read. [potion of mutation]
  5518 | D:8      | Gained mutation: Your mind is acute. (Int +2) [potion of mutation]
  5519 | D:8      | Lost mutation: Your mind is acute. (Int +2) [potion of mutation]
  5519 | D:8      | Lost mutation: Scrolls take you a little longer to read. [potion of mutation]
  5519 | D:8      | Gained mutation: Potions are less effective at restoring your health. [potion of mutation]
  5519 | D:8      | Gained mutation: You have very sharp teeth. [potion of mutation]
  5520 | D:8      | Lost mutation: Potions are less effective at restoring your health. [potion of mutation]
  5520 | D:8      | Gained mutation: Your large and strong wings let you fly indefinitely. [potion of mutation]
  5520 | D:8      | Gained mutation: You are clumsy. (Dex -2) [potion of mutation]
  5520 | D:8      | Gained mutation: You are partially covered in rugged brown scales. (AC +1, +3% HP) [potion of mutation]
  5521 | D:8      | Gained mutation: Your muscles are strong. (Str +2) [mutagenic meat]
  5522 | D:8      | Gained mutation: You are very clumsy. (Dex -4) [mutagenic meat]
  5523 | D:8      | Gained mutation: You possess an exceptional clarity of mind. [mutagenic meat]
  5524 | D:8      | Lost mutation: You are very clumsy. (Dex -4) [mutagenic meat]
  5525 | D:8      | Gained mutation: You are partially covered in thin metallic scales. (AC +2) [mutagenic meat]
  5526 | D:8      | Lost mutation: You are clumsy. (Dex -2) [mutagenic meat]
  5643 | D:8      | Reached skill level 1 in Stealth
  5700 | D:8      | Reached skill level 9 in Maces & Flails
  5722 | D:8      | Found a deep blue altar of Sif Muna.
  5789 | D:8      | Identified Sif Muna's Compendium of Weightlessness
  5825 | D:8      | Reached XP level 10. HP: 58/61 MP: 10/10
  6033 | D:8      | Found a basalt altar of Yredelemnul.
  6440 | D:9      | Noticed a centaur warrior
  6447 | D:9      | Killed a centaur warrior
  6644 | D:9      | Noticed an ice statue
  7044 | D:9      | Reached skill level 1 in Evocations
  7149 | D:9      | Reached skill level 10 in Maces & Flails
  7699 | D:9      | Found a staircase to the Lair.
  7713 | D:9      | Reached XP level 11. HP: 47/69 MP: 11/11
  8408 | D:10     | Entered Level 10 of the Dungeon
  8797 | D:10     | Found a staircase to the Orcish Mines.
  8945 | D:10     | Reached skill level 10 in Shields
  9288 | D:11     | Noticed a two-headed ogre
  9302 | D:11     | Killed a two-headed ogre
  9409 | D:11     | Reached skill level 11 in Maces & Flails
 10050 | D:11     | Noticed a cyclops
 10057 | D:11     | Killed a cyclops
 10170 | D:12     | Noticed a brown ugly thing
 10184 | D:12     | Killed a brown ugly thing
 10187 | D:12     | Lost mutation: You possess an exceptional clarity of mind. [mutagenic meat]
 10221 | D:12     | Reached XP level 12. HP: 38/75 MP: 12/12
 10408 | D:12     | Found a flagged portal.
 10499 | D:12     | Found a runed door.
 10516 | D:12     | Noticed a deep troll earth mage
 10516 | D:12     | Noticed a deep troll earth mage
 10517 | D:12     | Noticed a frost giant
 10517 | D:12     | Noticed a two-headed ogre
 10517 | D:12     | Noticed a death knight
 10525 | D:12     | Noticed a centaur warrior
 10543 | D:12     | Killed a death knight
 10552 | D:12     | Killed a centaur warrior
 10672 | D:12     | Noticed a death knight
 10746 | D:12     | Killed a death knight
 11292 | D:12     | Killed a two-headed ogre
 11292 | D:12     | Reached skill level 12 in Maces & Flails
 11332 | D:12     | HP: 3/77 [frost giant/bolt of cold (27)]
 11350 | D:12     | Killed from afar by a deep troll earth mage

Skill      XL: |  1  2  3  4  5  6  7  8  9 10 11 12 |
---------------+-------------------------------------+-----
Maces & Flails | 3 4 6 7 9 10 11 12 | 12.0
Shields        | 4 5 6 7 9 10 11 | 11.6
Armour         | 4 5 6 7 9 |  9.9
Fighting       | 4 5 6 7 8 |  8.5
Dodging        | 1 2 3 4 |  4.4
Stealth        | 1 |  1.3
Evocations     | 1 |  1.2

Action                   |  1- 3 |  4- 6 |  7- 9 | 10-12 || total
-------------------------+-------+-------+-------+-------++-------
Melee: Flail             |   150 |   320 |    75 |   246 ||   791
       Whip              |       |       |   282 |   877 ||  1159
       Bite              |       |       |    15 |   143 ||   158
 Abil: Fly               |       |       |     1 |       ||     1
       Stop Flying       |       |       |     1 |       ||     1
Evoke: Wand              |       |       |    10 |    17 ||    27
  Use: Potion            |       |     1 |    11 |     1 ||    13
       Scroll            |       |       |     6 |    13 ||    19
 Stab: Invisible         |     1 |       |       |       ||     1
  Eat: Bread ration      |       |     1 |       |       ||     1
       Meat ration       |       |     1 |       |     1 ||     2
       Royal jelly       |       |       |     4 |     7 ||    11
       Chunk             |       |       |     6 |     1 ||     7
Armor: Scale mail        |    88 |   163 |    90 |   216 ||   557
       Plate armour      |       |       |       |    73 ||    73
Dodge: Dodged            |    43 |    88 |    66 |   170 ||   367
Block: Shield            |    83 |   119 |   170 |   618 ||   990
       Reflection        |       |       |     5 |    11 ||    16
